 Dungeon Crawl Stone Soup version 0.28-a0-773-g130ae17fe5 (webtiles) character file.

Game seed: 11226657275376534925

0 spiderkeys the Skirmisher (level 1, -4/22 HPs)
             Began as a Troll Abyssal Knight on Nov 1, 2021.
             Was a Follower of Lugonu.
             Slain by an Executioner (8 damage)
             ... on level 2 of the Abyss.
             The game lasted 00:00:27 (166 turns).

spiderkeys the Skirmisher (Troll Abyssal Knight)     Turns: 166, Time: 00:00:28

Health: -4/22      AC:  4    Str: 20    XL:     1   Next: 0%
Magic:  1/1        EV: 10    Int:  6    God:    Lugonu [*.....]
Gold:   0          SH:  0    Dex: 10    Spells: 0/0 levels left

rFire   . . .      SeeInvis .     - Unarmed
rCold   . . .      Faith    .   (no shield)
rNeg    . . .      Spirit   .   a - +0 robe
rPois   .          Reflect  .   (helmet restricted)
rElec   .          Harm     .   (no cloak)
rCorr   .          Rampage  .   (gloves unavailable)
Will    .....                   (boots unavailable)
Stlth   +.........              (no amulet)
HPRegen 1.07/turn               (no ring)
MPRegen 0.07/turn               (no ring)

@: no status effects
A: large, unfitting armour, claws 3, regeneration 1, shaggy fur 1, tough skin 1
a: Renounce Religion, Depart the Abyss


You were on level 2 of the Abyss.
You worshipped Lugonu.
Lugonu was aware of your devotion.
You visited 0 branches of the dungeon, and saw 0 of its levels.
You visited the Abyss 1 time.


Innate Abilities, Weirdness & Mutations

You are too large for most types of armour.
You have claws for hands.
Your natural rate of healing is unusually fast.
You are covered in fur. (AC +1)
You have tough skin. (AC +1)


   Skills:
 + Level 2.4 Fighting
 + Level 1.9 Dodging
 + Level 2.0 Unarmed Combat
 + Level 1.5 Invocations


You couldn't memorise any spells.
You didn't know any spells.
Your spell library was empty.

Inventory:

Armour
 a - a +0 robe (worn)
Scrolls
 b - a scroll of identify {unknown}

Dungeon Overview and Level Annotations

Branches:
Dungeon (0/15)

Altars:

.. ...# #..# ...#. ...#
#. #...##... # ...
###....#.. .#...#
.#..#..#..##.....#
..................... ..
. ....4.....1@.......
... ...................
. 1....#.....#...?.#..
..###...###...###...##
... .....#.....#.....#
...................5...
........................
. .... ............._...
...#. ...#.....#.....#.


You could see an Executioner (fast), an orange demon and an iron imp
(wandering).


Message History

🤖 Initializing magus.rc ... ✅ Successfully initialized magus.rc [v1.9.10] Welcome, spiderkeys the Troll Abyssal Knight.
Will you prevail where others failed? Will you find the Orb of Zot?
Lugonu says: Depart the Abyss and spread corruption, my servant! (use the ability menu to exit the Abyss) Press ? for a list of commands and other information.
Found a corrupted altar of Lugonu.
There is a corrupted altar of Lugonu here.
Found a gateway leading out of the Abyss.
A large abomination comes into view.
You see here 13 gold pieces.
Your body is wracked with pain! 😮 HP[-9]
You take 9 damage, and now have 13/22 hp.
MASSIVE DAMAGE!! (PAUSE) 😮 HP[+2]
You regained 2 hp, and now have 15/22 hp. 😮 HP[+1] 😕 HP[+1] 😕 HP[+1] 😕 HP[+1] 😕 HP[+1] 😕 HP[+1] 😎 HP[+1]
Your hp is fully restored (22).
Found a gateway leading deeper into the Abyss.
There is a gateway leading deeper into the Abyss here.
The large abomination barely misses you.
You plunge deeper into the Abyss.
Found a corrupted altar of Lugonu.
Found a gateway leading deeper into the Abyss.
An Executioner comes into view.
Found a corrupted altar of Lugonu.
A large abomination comes into view.
You see here a scroll labelled TEUFIE VO CIOC.
b - a scroll labelled TEUFIE VO CIOC The orange demon screeches!
The Executioner gives a hideous shriek!
The Executioner gestures.
The Executioner seems to speed up.
An iron imp comes into view.
There is a gateway leading deeper into the Abyss here.
The Executioner closely misses you. The Executioner hits you. x2
The Executioner hits you!
Ouch! That really hurt!
* * * LOW HITPOINT WARNING * * *
The Executioner hits you!
You die...

Action                   || total
-------------------------++-------
Dodge: Dodged            ||     2

Levels and vault maps discovered:
Abyss:2:  base: Temple, evilmike_abyss_exit_15, hangedman_abyss_or_decor_slice

Notes
Turn   | Place    | Note
-------+----------+-------------------------------------------
     0 | Abyss:1  | spiderkeys the Troll Abyssal Knight began the quest for the
                  | Orb.
     0 | Abyss:1  | Reached XP level 1. HP: 22/22 MP: 1/1
     0 | Abyss:1  | magus.rc [v1.9.10]
    60 | Abyss:1  | Noticed a large abomination
   122 | Abyss:2  | Found a corrupted altar of Lugonu.
   157 | Abyss:2  | Noticed an Executioner
   159 | Abyss:2  | Found a corrupted altar of Lugonu.
   159 | Abyss:2  | Noticed a large abomination
   161 | Abyss:2  | Noticed an orange demon
   164 | Abyss:2  | Noticed an iron imp
   166 | Abyss:2  | HP: 4/22 [Executioner (11)]
   166 | Abyss:2  | Slain by an Executioner

Vanquished Creatures (others)
  A lurking horror (Abyss:1)
1 creature vanquished.

Table legend:
 A = Non-vault XP
 B = Vault XP
 C = Vault XP percentage of total XP
 D = Non-vault monster count
 E = Vault monster count
 F = Vault count percentage of total count
                 A         B        C        D         E       F
            +---------+---------+-------+---------+---------+-------
      Total |       0 |       0 |   N/A |       0 |       0 |  -nan
            +---------+---------+-------+---------+---------+-------
            +---------+---------+-------+---------+---------+-------

Illustrated notes

Table legend: (Time is in decaauts)
 A = Elapsed time spent in this place.
 B = Non-inter-level travel time spent in this place.
 C = Inter-level travel time spent in this place.
 D = Time resting spent in this place.
 E = Time spent auto-exploring this place.
 F = Levels seen in this place.
 G = Mean time per level.
                   A        B        C        D        E       F      G
               +--------+--------+--------+--------+--------+-----+--------+
         Total |    165 |    165 |      0 |      0 |     91 |   2 |   82.5 |
         Abyss |    165 |    165 |      0 |      0 |     91 |   2 |   82.5 |
               +--------+--------+--------+--------+--------+-----+--------+

Top non-repeatable levels by time:
 Abyss:1: 121 daAuts
 Abyss:2: 44 daAuts
